 Dungeon Crawl Stone Soup version 0.30-b1-2-g02819fbbbe (webtiles) character file.

Game seed: 6263883939318441720

386 EduPerez2003 the Conjurer (level 6, -5/32 HPs)
             Began as a Deep Elf Conjurer on Aug 2, 2023.
             Slain by a sleepcap (8 damage)
             ... on level 4 of the Dungeon.
             The game lasted 00:41:17 (3303 turns).

EduPerez2003 the Conjurer (Deep Elf Conjurer)       Turns: 3303, Time: 00:41:18

Health: -5/32      AC:  6    Str:  4    XL:     6   Next: 48%
Magic:  12/17      EV:  2    Int: 25    God:
Gold:   94         SH:  0    Dex: 19    Spells: 14/17 levels left

rFire   . . .        t - staff of air
rCold   . . .        (no shield)
rNeg    . . .        f - +0 ring mail
rPois   .            (no helmet)
rElec   +            g - +0 cloak
rCorr   .            (no gloves)
SInv    .            (no boots)
Will    +....        (no amulet)
Stlth   ++           n - ring of willpower
HPRegen 0.25/turn    r - +6 ring of dexterity
MPRegen 0.15/turn

%: no passive effects
@: brilliant, sleeping
A: no striking features
a: no special abilities


You were on level 4 of the Dungeon.
You visited 1 branch of the dungeon, and saw 4 of its levels.

You collected 178 gold pieces.
You spent 84 gold pieces at shops.

Inventory:

Hand Weapons
 q - a +0 scythe
Armour
 f - a +0 ring mail (worn)
 g - a +0 cloak (worn)
Magical Staves
 t - a staff of air (weapon)
Jewellery
 n - a ring of willpower (left hand)
 r - a +6 ring of dexterity (right hand)
Scrolls
 d - 2 scrolls of immolation
 e - 2 scrolls of vulnerability
 h - a scroll of enchant weapon
 i - 2 scrolls of amnesia
 j - a scroll of blinking {unknown}
 l - 5 scrolls of teleportation {unknown}
Potions
 a - a potion of mutation {unknown}
 b - a potion of magic
 c - 3 potions of brilliance
 k - a potion of heal wounds {unknown}
 m - 2 potions of resistance {unknown}
 o - a potion of flight {unknown}
 p - a potion of attraction {unknown}
 s - a potion of might {unknown}
 u - a potion of degeneration {unknown}


   Skills:
 + Level 1.0 Staves
 + Level 4.0 Dodging
 - Level 2.6 Stealth
 * Level 6.2 Spellcasting
 * Level 6.3 Conjurations


You had 14 spell levels left.
You knew the following spells:

 Your Spells              Type           Power      Damage    Failure   Level
a - Magic Dart            Conj           100%       1d8       3%          1
b - Searing Ray           Conj           100%       2d8       4%          2

Your spell library contained the following spells:

 Spells                   Type           Power      Damage    Failure   Level
 Dazzling Flash           Conj/Hex       70%        N/A       36%         3
 Fulminant Prism          Conj/Hex       17%        3d10      77%         4
 Iskenderun's Mystic Bla  Conj/Tloc      35%        2d8       77%         4
 Summon Forest            Summ/Tloc      5%         N/A       100%        5
 Eringya's Noxious Bog    Tmut/Pois      5%         N/A       100%        6
 Summon Hydra             Summ           5%         N/A       100%        7


Dungeon Overview and Level Annotations

Branches:
Dungeon (4/15)
 Temple: D:4-7

Altars:
Uskayaw

Shops:
D:2 =*[*


Message History

Casting: Searing Ray (safe; 4% risk of failure)
Confirm with . or Enter, or press ? or * to list all spells.
Aiming: Searing Ray (safe; 4% risk of failure)
Press: ? - help, Shift-Dir - straight line The searing ray hits the sleepcap.
The sleepcap is moderately damaged. (Press . to maintain the ray.)
The sleepcap releases spores at you.
You are engulfed in a cloud of soporific spores!
You fall asleep.
The sleepcap releases spores at you!!
You wake up.
Ouch! That really hurt!
* * * LOW HITPOINT WARNING * * *
You are engulfed in a cloud of soporific spores!
You are unaffected.
It was a potion of brilliance.
You feel clever all of a sudden. The sleepcap releases spores at you.
* * * LOW HITPOINT WARNING * * *
The sleepcap barely misses you. The sleepcap attacks as you move away!
The sleepcap releases spores at you.
* * * LOW HITPOINT WARNING * * *
There is an open door here.
The sleepcap attacks as you move away!
The sleepcap releases spores at you but does no damage.
The sleepcap attacks as you move away! The sleepcap closely misses you.
The sleepcap attacks as you move away! The sleepcap barely misses you.
Casting: Searing Ray (safe; 4% risk of failure)
Confirm with . or Enter, or press ? or * to list all spells.
Aiming: Searing Ray (safe; 4% risk of failure)
Press: ? - help, Shift-Dir - straight line You feel a surge of power!
The searing ray hits the sleepcap.
The sleepcap is moderately damaged. (Press . to maintain the ray.)
The sleepcap releases spores at you.
* * * LOW HITPOINT WARNING * * *
You are engulfed in a cloud of soporific spores!
You fall asleep.
The sleepcap releases spores at you!
You die...

###### ######### ####....#
#####..<....# #..#....#
#...#.......# #..'....#
#...#.......# #..#....#
#...#.......# #..#....###
###.#.......##
#'##......#######.##........
#..#......'@f......'........
#..#..)...#........#........
#..#......#....##..#........
#.<#......#....##..#######..
#..#......#....##........###
#..#......#.................
#..#......#.................
#..#......###..#######..###.
#..#....######## #### ##


You could see a sleepcap.

Vanquished Creatures
  Sigmund (D:2)
  A black bear (D:4)
  A hound zombie (D:2)
  6 adders
  An adder skeleton (D:2)
  An adder zombie (D:2)
  A dart slug (D:1)
  2 orcs (D:3)
  3 ball pythons
  2 bat skeletons (D:2)
  11 endoplasms
  3 giant cockroaches (D:3)
  7 goblins
  8 hobgoblins
  2 jackals (D:1)
  4 quokkas
  A ball python skeleton (D:2)
  6 bats
  3 frilled lizards (D:2)
  3 kobolds
  6 rats
73 creatures vanquished.

Notes
Turn   | Place    | Note
-------+----------+-------------------------------------------
     0 | D:1      | EduPerez2003 the Deep Elf Conjurer began the quest for the
                  | Orb.
     0 | D:1      | Reached XP level 1. HP: 10/10 MP: 6/6
   205 | D:1      | Reached XP level 2. HP: 15/15 MP: 5/8
   889 | D:2      | Reached XP level 3. HP: 17/19 MP: 3/10
   954 | D:2      | Reached skill level 5 in Conjurations
  1226 | D:2      | Found Ercheguo's General Store.
  1231 | D:2      | Bought 2 scrolls of identify for 56 gold pieces
  1273 | D:2      | Found Uruh's Armour Boutique.
  1312 | D:2      | Found Ceddu's Assorted Antiques.
  1357 | D:2      | Reached XP level 4. HP: 24/24 MP: 7/12
  1477 | D:2      | Bought a scroll of identify for 28 gold pieces
  1687 | D:2      | Noticed Sigmund
  1692 | D:2      | Killed Sigmund
  1693 | D:2      | Reached skill level 5 in Spellcasting
  1693 | D:2      | Reached XP level 5. HP: 27/28 MP: 8/15
  1744 | D:2      | Found Xuofiy Behi's Jewellery Shoppe.
  2088 | D:2      | Learned a level 2 spell: Searing Ray
  2489 | D:3      | Reached XP level 6. HP: 32/32 MP: 11/16
  2636 | D:3      | Found a hide-covered altar of Uskayaw.
  3288 | D:4      | Reached skill level 1 in Staves
  3303 | D:4      | Slain by a sleepcap

Illustrated notes

Levels and vault maps discovered:
D:1:      lemuel_arrival_broad_hall, layout_loops_ring, st_stairs_14,
          corexii_item_surrounded_by_moat, nicolae_kite_square_tiling_tiny
D:2:      layout_loops_cross, serial_shops, shop,
          nicolae_shop_just_a_little_nook, shop, shop, serial_undead,
          serial_undead_a, serial_undead_d, serial_undead_b, serial_undead_e,
          uniq_sigmund
D:3:      layout_basic, mainiacjoe_overflow_alcove_1
D:4:      layout_gridville, serial_shops, nicolae_shop_pleasant_corner_grove

Skill      XL: |  1  2  3  4  5  6 |
---------------+-------------------+-----
Spellcasting   | 4 5 6 |  6.2
Conjurations   | 5 6 |  6.3
Dodging        | 3 4 |  4.0
Staves         | 1 |  1.0
Stealth        | |  2.6

Action                     |  1- 3 |  4- 6 || total
---------------------------+-------+-------++-------
  Melee: Unarmed           |    26 |       ||    26
         Punch             |     1 |       ||     1
         Halberd           |       |     7 ||     7
   Cast: Magic Dart        |    70 |    63 ||   133
         Searing Ray       |       |    14 ||    14
    Use: Scroll            |     3 |     1 ||     4
         Potion            |       |     1 ||     1
 Armour: Ring mail         |    24 |    20 ||    44
  Dodge: Dodged            |    27 |    18 ||    45
